Vancouver Canucks vs Pittsburgh Penguins
Created - Saturday, September 16, 2023 at 06:46
Goals
|
| Vancouver Canucks |
1 |
2 |
2 |
5 |
| Pittsburgh Penguins |
4 |
1 |
2 |
7 |
|
Shots
|
| Vancouver Canucks |
13 |
13 |
13 |
39 |
| Pittsburgh Penguins |
10 |
9 |
10 |
29 |
|
1st period
1. Vancouver Canucks , Clayton Keller 5 (Miro Heiskanen 7, Noah Hanifin 4) at 5:47
2. Pittsburgh Penguins , Tom Wilson 4 (Erik Karlsson 8, Marc-Andre Fleury) at 10:17
3. Pittsburgh Penguins , Leon Draisaitl 6 (Pavel Buchnevich 8) at 10:25 (PP)
4. Pittsburgh Penguins , Anders Lee 5 (Jean-Gabriel Pageau 6) at 10:53
5. Pittsburgh Penguins , Jean-Gabriel Pageau 4 (Colton Sissons 5) at 19:02 (SH)
Penalties :
Mikko Rantanen (VAN) for Checking from behind (Minor) at 10:22, Mattias Ekholm (PIT) for High sticking (Minor) at 13:52, Leon Draisaitl (PIT) for Roughing (Minor) at 18:52
2nd period
6. Pittsburgh Penguins , Tom Wilson 5 (J.J. Moser 2, Colton Sissons 6) at 11:41
7. Vancouver Canucks , Robby Fabbri 5 (Miro Heiskanen 8, Artturi Lehkonen 5) at 13:53 (PP)
8. Vancouver Canucks , Mikko Rantanen 10 (Artturi Lehkonen 6, Clayton Keller 9) at 18:54
Penalties :
Erik Karlsson (PIT) for Hooking (Minor) at 13:14, Jesperi Kotkaniemi (VAN) for Interference (Minor) at 14:37
3rd period
9. Pittsburgh Penguins , Mitchell Marner 9 (Leon Draisaitl 12, Jean-Gabriel Pageau 7) at 0:06
10. Vancouver Canucks , Noah Cates 7 (Taylor Raddysh 5, Casey Mittelstadt 5) at 4:31
11. Pittsburgh Penguins , Phillip Danault 1 (Sam Reinhart 11, Pavel Buchnevich 9) at 5:52
12. Vancouver Canucks , Kasperi Kapanen 3 (Jesperi Kotkaniemi 3, Miro Heiskanen 9) at 6:17
Penalties :
Ryan Johansen (PIT) for Holding (Minor) at 7:22, Erik Gudbranson (PIT) for Roughing (Minor) at 11:38
Goalie Stats
Joonas Korpisalo (VAN), 6 saves from 10 shots - (0.600), 19:02 minutes
Ville Husso (VAN), 16 saves from 19 shots - (0.842), L, 2-5-2, 40:58 minutes
Marc-Andre Fleury (PIT), 34 saves from 39 shots - (0.872), W, 10-5-4, 60:00 minutes
Players Stats for Vancouver Canucks
Player Name G A P +/- PIM S H SB GA TA FO MP PP MP PK MP
------------------------------------------------------------------------------------
Anton Lundell 0 0 0 -3 0 2 0 0 3 0 2/3 10:48 0:00 0:36
Artturi Lehkonen 0 2 2 0 0 3 3 0 0 0 1/3 20:03 2:54 0:00
Casey Mittelstadt 0 1 1 1 0 0 1 1 1 0 2/7 13:36 2:54 0:41
Clayton Keller 1 1 2 -1 0 6 1 0 0 0 6/19 22:44 5:41 0:00
Jacob Bryson 0 0 0 0 0 0 0 2 0 0 0/0 12:45 0:00 0:00
Jake Bean 0 0 0 -3 0 0 2 3 0 1 0/0 23:13 7:08 0:39
Jesperi Kotkaniemi 0 1 1 0 2 1 0 0 0 0 10/24 18:03 5:41 0:00
Kasperi Kapanen 1 0 1 1 0 5 1 2 0 0 0/2 12:51 0:00 0:00
Maxence Guenette 0 0 0 0 0 1 0 0 0 0 0/0 12:45 0:00 0:00
Mikko Rantanen 1 0 1 -1 2 7 1 0 0 0 0/1 22:51 5:41 0:00
Miro Heiskanen 0 3 3 0 0 2 1 3 1 0 0/0 28:30 7:08 0:39
Noah Cates 1 0 1 1 0 1 0 0 0 0 0/2 10:56 0:00 0:59
Noah Hanifin 0 1 1 1 0 1 2 1 3 0 0/0 24:02 1:27 1:23
Olli Maatta 0 0 0 -2 0 1 1 2 0 2 0/0 18:45 1:27 1:23
Robby Fabbri 1 0 1 1 0 5 1 0 1 0 0/0 16:36 2:54 0:51
Sam Lafferty 0 0 0 -3 0 3 1 1 0 0 1/2 10:16 0:00 0:57
Taylor Raddysh 0 1 1 1 0 1 3 0 2 1 0/1 9:55 0:00 0:00
Ty Dellandrea 0 0 0 -3 0 0 0 1 0 0 1/2 9:17 0:00 0:00
Players Stats for Pittsburgh Penguins
Player Name G A P +/- PIM S H SB GA TA FO MP PP MP PK MP
------------------------------------------------------------------------------------
Anders Lee 1 0 1 1 0 4 4 0 0 0 0/0 13:23 0:59 0:00
Brian Dumoulin 0 0 0 -1 0 0 0 3 0 2 0/0 21:33 1:00 4:23
Colton Sissons 0 2 2 0 0 0 2 1 0 0 2/2 12:30 0:00 4:27
Erik Gudbranson 0 0 0 2 2 0 2 0 0 2 0/0 20:26 0:00 3:48
Erik Karlsson 0 1 1 1 2 0 0 2 1 0 0/0 18:12 1:02 0:00
Gabriel Vilardi 0 0 0 -1 0 0 1 1 0 0 0/0 7:34 0:00 0:00
J.J. Moser 0 1 1 2 0 2 1 1 0 1 0/0 20:37 0:00 4:39
Jean-Gabriel Pageau 1 2 3 2 0 1 1 1 0 0 14/23 20:00 0:59 4:27
Jordan Eberle 0 0 0 1 0 2 0 1 0 0 0/0 12:24 0:00 0:00
Leon Draisaitl 1 1 2 1 2 2 0 1 0 0 6/8 18:35 1:03 3:15
Mattias Ekholm 0 0 0 0 2 0 2 0 0 1 0/0 22:03 1:00 3:54
Mitchell Marner 1 0 1 1 0 2 1 0 0 0 1/1 15:10 1:03 0:00
Pavel Buchnevich 0 2 2 0 0 2 2 1 0 0 0/2 16:58 1:03 1:05
Phillip Danault 1 0 1 0 0 2 0 0 1 2 10/14 18:45 0:00 3:56
Ryan Johansen 0 0 0 1 2 5 1 0 0 1 9/14 12:24 0:00 0:00
Ryan Suter 0 0 0 0 0 1 1 2 0 1 0/0 17:35 1:02 0:26
Sam Reinhart 0 1 1 0 0 3 1 0 1 0 1/2 15:37 0:59 0:00
Tom Wilson 2 0 2 -1 0 3 2 0 1 1 0/0 7:34 0:00 0:00
3 Stars
1 - Jean-Gabriel Pageau (PIT)
2 - Tom Wilson (PIT)
3 - Anders Lee (PIT)
Power Play
Vancouver Canucks - 1 on 5 Attempt(s) - 20.00%
Pittsburgh Penguins - 1 on 2 Attempt(s) - 50.00%
Penalty Kill
Vancouver Canucks - 1 on 2 Attempt(s) - 50.00%
- Score 0 goal in Penalty Kill
Pittsburgh Penguins - 4 on 5 Attempt(s) - 80.00%
- Score 1 goal in Penalty Kill
Team Stat
Vancouver Canucks - Hits : 18 - Faceoff Wins : 23 - Blocked Shots : 16 - Penalty Minutes : 4
Pittsburgh Penguins - Hits : 21 - Faceoff Wins : 43 - Blocked Shots : 14 - Penalty Minutes : 10
Official
Referees : Mark Lemelin and Marc Joannette
Linesman : Tony Sericolo and Scott Cherrey
Game Notes
Ville Husso enters game at 19:02 of 1st period
Finance
Level 1 -- Attendance: 4276 (71.27%) -- Ticket Income $427,600
Level 2 -- Attendance: 3487 (69.74%) -- Ticket Income $209,220
Level 3 -- Attendance: 2415 (80.50%) -- Ticket Income $84,525
Level 4 -- Attendance: 3534 (70.68%) -- Ticket Income $88,350
Luxury Box -- Attendance: 785 (78.50%) -- Ticket Income $157,000
Game was played at the Consol Energy Center.
Total Attendance: 14497 (72.49%)
Total Ticket Income: $966,695
Other Income: $338,343
Total Income: $1,305,038
Vancouver Canucks
5 vs 5 Forward
Center Left Wing Right Wing Time % Phy DF OF
1 Clayton Keller Artturi Lehkonen Mikko Rantanen 40 1 2 2
2 Jesperi Kotkaniemi Robby Fabbri Kasperi Kapanen 30 1 2 2
3 Casey Mittelstadt Noah Cates Taylor Raddysh 20 1 2 2
4 Anton Lundell Sam Lafferty Ty Dellandrea 10 1 2 2
5 vs 5 Defense
Defense Defense Time % Phy DF OF
1 Noah Hanifin Miro Heiskanen 40 1 2 2
2 Jake Bean Olli Maatta 30 1 2 2
3 Jacob Bryson Maxence Guenette 20 1 2 2
4 Noah Hanifin Miro Heiskanen 10 1 2 2
PowerPlay Forward
Center Left Wing Right Wing Time % Phy DF OF
1 Jesperi Kotkaniemi Clayton Keller Mikko Rantanen 60 0 1 4
2 Casey Mittelstadt Robby Fabbri Artturi Lehkonen 40 0 1 4
PowerPlay Defense
Defense Defense Time % Phy DF OF
1 Miro Heiskanen Jake Bean 60 0 1 4
2 Noah Hanifin Olli Maatta 40 0 1 4
Penalty Kill 4 Players Forward
Center Wing Time % Phy DF OF
1 Sam Lafferty Noah Cates 60 1 3 1
2 Casey Mittelstadt Anton Lundell 40 1 3 1
Penalty Kill 4 Players Defense
Defense Defense Time % Phy DF OF
1 Noah Hanifin Olli Maatta 60 1 3 1
2 Miro Heiskanen Jake Bean 40 1 3 1
Penalty Kill - 3 Players Forward
Forward Time % Phy DF OF
1 Noah Cates 60 1 3 1
2 Sam Lafferty 40 1 3 1
Penalty Kill - 3 Players Defense
Defense Defense Time % Phy DF OF
1 Noah Hanifin Olli Maatta 60 1 3 1
2 Miro Heiskanen Jake Bean 40 1 3 1
4 vs 4 Forward
Center Wing Time % Phy DF OF
1 Clayton Keller Mikko Rantanen 60 1 2 2
2 Robby Fabbri Artturi Lehkonen 40 1 2 2
4 vs 4 Defense
Defense Defense Time % Phy DF OF
1 Miro Heiskanen Noah Hanifin 60 1 2 2
2 Olli Maatta Jake Bean 40 1 2 2
Last Minutes Offensive
Center Left Wing Right Wing Defense Defense
Anton Lundell Clayton Keller Mikko Rantanen Miro Heiskanen Noah Hanifin
Last Minutes Defensive
Center Left Wing Right Wing Defense Defense
Sam Lafferty Noah Cates Artturi Lehkonen Noah Hanifin Olli Maatta
Goaltenders
Starting : Joonas Korpisalo
Backup : Ville Husso
Extra Forwards
Normal : Mikko Rantanen, Anton Lundell, Artturi Lehkonen - PP : Clayton Keller, Kasperi Kapanen - PK : Robby Fabbri
Extra Defensemen
Normal : Miro Heiskanen, Noah Hanifin, Olli Maatta - PP : Jake Bean - PK : Noah Hanifin, Maxence Guenette
Penalty Shots
Miro Heiskanen, Anton Lundell, Jesperi Kotkaniemi, Artturi Lehkonen, Mikko Rantanen
Pittsburgh Penguins
5 vs 5 Forward
Center Left Wing Right Wing Time % Phy DF OF
1 Jean-Gabriel Pageau Leon Draisaitl Mitchell Marner 30 1 2 2
2 Phillip Danault Pavel Buchnevich Sam Reinhart 30 1 2 2
3 Ryan Johansen Anders Lee Jordan Eberle 25 1 2 2
4 Colton Sissons Gabriel Vilardi Tom Wilson 15 1 2 2
5 vs 5 Defense
Defense Defense Time % Phy DF OF
1 Erik Karlsson Mattias Ekholm 30 1 2 2
2 Ryan Suter Brian Dumoulin 30 1 2 2
3 Erik Gudbranson J.J. Moser 30 1 2 2
4 Erik Karlsson Mattias Ekholm 10 1 2 2
PowerPlay Forward
Center Left Wing Right Wing Time % Phy DF OF
1 Leon Draisaitl Pavel Buchnevich Mitchell Marner 50 0 2 3
2 Jean-Gabriel Pageau Anders Lee Sam Reinhart 50 1 2 2
PowerPlay Defense
Defense Defense Time % Phy DF OF
1 Erik Karlsson Ryan Suter 50 1 2 2
2 Mattias Ekholm Brian Dumoulin 50 1 2 2
Penalty Kill 4 Players Forward
Center Wing Time % Phy DF OF
1 Leon Draisaitl Phillip Danault 50 1 2 2
2 Jean-Gabriel Pageau Colton Sissons 50 1 2 2
Penalty Kill 4 Players Defense
Defense Defense Time % Phy DF OF
1 Mattias Ekholm Brian Dumoulin 50 1 2 2
2 Erik Gudbranson J.J. Moser 50 1 2 2
Penalty Kill - 3 Players Forward
Forward Time % Phy DF OF
1 Leon Draisaitl 50 1 2 2
2 Mitchell Marner 50 1 2 2
Penalty Kill - 3 Players Defense
Defense Defense Time % Phy DF OF
1 Erik Gudbranson J.J. Moser 50 1 2 2
2 Mattias Ekholm Brian Dumoulin 50 1 2 2
4 vs 4 Forward
Center Wing Time % Phy DF OF
1 Leon Draisaitl Mitchell Marner 50 1 2 2
2 Sam Reinhart Pavel Buchnevich 50 1 2 2
4 vs 4 Defense
Defense Defense Time % Phy DF OF
1 Erik Karlsson Ryan Suter 50 1 2 2
2 Mattias Ekholm Brian Dumoulin 50 1 2 2
Last Minutes Offensive
Center Left Wing Right Wing Defense Defense
Leon Draisaitl Pavel Buchnevich Mitchell Marner Erik Karlsson Mattias Ekholm
Last Minutes Defensive
Center Left Wing Right Wing Defense Defense
Leon Draisaitl Pavel Buchnevich Mitchell Marner Erik Karlsson Mattias Ekholm
Goaltenders
Starting : Marc-Andre Fleury
Backup : Akira Schmid
Extra Forwards
Normal : Tom Wilson, Gabriel Vilardi, Phillip Danault - PP : Tom Wilson, Gabriel Vilardi - PK : Phillip Danault
Extra Defensemen
Normal : Erik Gudbranson, J.J. Moser, Mattias Ekholm - PP : Erik Gudbranson - PK : J.J. Moser, Mattias Ekholm
Penalty Shots
Leon Draisaitl, Mitchell Marner, Sam Reinhart, Pavel Buchnevich, Jean-Gabriel Pageau
% Time on Ice - Vancouver Canucks
Lines # - Real PCT - Wanted PCT - Time Play
Normal Forward
1 - 34% - 40% - 16:42
2 - 27% - 30% - 13:29
3 - 20% - 20% - 9:55
4 - 19% - 10% - 9:17
Normal Defense
1 - 38% - 40% - 18:52
2 - 30% - 30% - 15:03
3 - 26% - 20% - 12:45
4 - 6% - 10% - 2:43
PP Forward
1 - 66% - 60% - 5:41
2 - 34% - 40% - 2:54
PP Defense
1 - 83% - 60% - 7:08
2 - 17% - 40% - 1:27
PK Forward
1 - 94% - 60% - 1:55
2 - 6% - 40% - 0:07
PK Defense
1 - 68% - 60% - 1:23
2 - 32% - 40% - 0:39
PK3 Forward
1 - 0% - 60%
2 - 0% - 40%
PK3 Defense
1 - 0% - 60%
2 - 0% - 40%
44 Forward
1 - 0% - 60%
2 - 0% - 40%
44 Defense
1 - 0% - 60%
2 - 0% - 40%
Last Minute Offensive - 0:00
Last Minute Defensive - 0:00
Total
Forward - 60:00
Defense - 60:00
|
% Time on Ice - Pittsburgh Penguins
Lines # - Real PCT - Wanted PCT - Time Play
Normal Forward
1 - 29% - 30% - 14:18
2 - 31% - 30% - 15:07
3 - 25% - 25% - 12:24
4 - 15% - 15% - 7:34
Normal Defense
1 - 30% - 30% - 14:58
2 - 32% - 30% - 15:42
3 - 32% - 30% - 15:48
4 - 6% - 10% - 2:55
PP Forward
1 - 52% - 50% - 1:03
2 - 48% - 50% - 0:59
PP Defense
1 - 51% - 50% - 1:02
2 - 49% - 50% - 1:00
PK Forward
1 - 48% - 50% - 4:08
2 - 52% - 50% - 4:27
PK Defense
1 - 51% - 50% - 4:23
2 - 49% - 50% - 4:12
PK3 Forward
1 - 0% - 50%
2 - 0% - 50%
PK3 Defense
1 - 0% - 50%
2 - 0% - 50%
44 Forward
1 - 0% - 50%
2 - 0% - 50%
44 Defense
1 - 0% - 50%
2 - 0% - 50%
Last Minute Offensive - 0:00
Last Minute Defensive - 0:00
Total
Forward - 60:00
Defense - 60:00
|
Play-by-Play
1st period
0:01 of 1st period - Jean-Gabriel Pageau wins face-off versus Clayton Keller in neutral zone.
0:10 of 1st period - Wrist shot by Leon Draisaitl.
0:10 of 1st period - Stopped by Joonas Korpisalo with a rebound.
0:26 of 1st period - Kasperi Kapanen is hit by Pavel Buchnevich and loses puck.
0:35 of 1st period - Pavel Buchnevich is hit by Miro Heiskanen and loses puck.
0:42 of 1st period - Noah Hanifin is hit by Sam Reinhart.
1:36 of 1st period - Jean-Gabriel Pageau is hit by Artturi Lehkonen and loses puck.
1:42 of 1st period - Off-side.
1:43 of 1st period - Clayton Keller wins face-off versus Jean-Gabriel Pageau in neutral zone.
2:20 of 1st period - Jake Bean is hit by Erik Gudbranson and loses puck.
2:52 of 1st period - Snap shot by Mitchell Marner.
2:52 of 1st period - Stopped by Joonas Korpisalo without a rebound.
2:53 of 1st period - Jesperi Kotkaniemi wins face-off versus Phillip Danault in Vancouver Canucks zone.
3:39 of 1st period - Wrist shot by Anton Lundell.
3:39 of 1st period - Stopped by Marc-Andre Fleury with a rebound.
3:49 of 1st period - Wrist shot by Anders Lee.
3:49 of 1st period - Shot Blocked by Jacob Bryson.
3:51 of 1st period - Slapshot by Ryan Suter.
3:51 of 1st period - Shot Blocked by Sam Lafferty.
3:53 of 1st period - Snap shot by Ryan Johansen.
3:53 of 1st period - Stopped by Joonas Korpisalo without a rebound.
3:54 of 1st period - Jesperi Kotkaniemi wins face-off versus Sam Reinhart in Vancouver Canucks zone.
4:00 of 1st period - Snap shot by Jesperi Kotkaniemi.
4:00 of 1st period - Shot Blocked by Erik Karlsson.
4:04 of 1st period - Wrist shot by Kasperi Kapanen.
4:04 of 1st period - Shot Blocked by Pavel Buchnevich.
4:06 of 1st period - Snap shot by Kasperi Kapanen.
4:06 of 1st period - Stopped by Marc-Andre Fleury with a rebound.
4:08 of 1st period - Slapshot by Olli Maatta.
4:08 of 1st period - Shot Misses the Net.
4:10 of 1st period - Wrist shot by Olli Maatta.
4:10 of 1st period - Stopped by Marc-Andre Fleury with a rebound.
4:20 of 1st period - Mattias Ekholm is hit by Jake Bean and loses puck.
4:57 of 1st period - Wrist shot by Pavel Buchnevich.
4:57 of 1st period - Shot Blocked by Noah Hanifin.
5:06 of 1st period - Icing by Phillip Danault.
5:07 of 1st period - Colton Sissons wins face-off versus Taylor Raddysh in Pittsburgh Penguins zone.
5:12 of 1st period - Noah Cates is hit by Gabriel Vilardi and loses puck.
5:35 of 1st period - Snap shot by Mikko Rantanen.
5:35 of 1st period - Stopped by Marc-Andre Fleury with a rebound.
5:37 of 1st period - Wrist shot by Artturi Lehkonen.
5:37 of 1st period - Shot Blocked by Colton Sissons.
5:39 of 1st period - Slapshot by Miro Heiskanen.
5:39 of 1st period - Stopped by Marc-Andre Fleury with a rebound.
5:41 of 1st period - Snap shot by Artturi Lehkonen.
5:41 of 1st period - Deflect By Mikko Rantanen.
5:41 of 1st period - Stopped by Marc-Andre Fleury with a rebound.
5:43 of 1st period - Slapshot by Noah Hanifin.
5:43 of 1st period - Shot Misses the Net.
5:45 of 1st period - Slapshot by Noah Hanifin.
5:45 of 1st period - Shot Misses the Net.
5:47 of 1st period - Slapshot by Miro Heiskanen.
5:47 of 1st period - Deflect By Clayton Keller.
5:47 of 1st period - Goal by Clayton Keller - Vancouver Canucks : 1 - Pittsburgh Penguins : 0.
5:48 of 1st period - Ryan Johansen wins face-off versus Jesperi Kotkaniemi in neutral zone.
5:51 of 1st period - Snap shot by Anders Lee.
5:51 of 1st period - Stopped by Joonas Korpisalo without a rebound.
5:52 of 1st period - Jesperi Kotkaniemi wins face-off versus Ryan Johansen in Vancouver Canucks zone.
6:01 of 1st period - Slapshot by Kasperi Kapanen.
6:01 of 1st period - Stopped by Marc-Andre Fleury without a rebound.
6:02 of 1st period - Jean-Gabriel Pageau wins face-off versus Kasperi Kapanen in Pittsburgh Penguins zone.
7:16 of 1st period - Snap shot by Sam Lafferty.
7:16 of 1st period - Stopped by Marc-Andre Fleury with a rebound.
8:12 of 1st period - Casey Mittelstadt is hit by Anders Lee and loses puck.
9:36 of 1st period - Mattias Ekholm is hit by Jake Bean and loses puck.
9:47 of 1st period - Snap shot by Taylor Raddysh.
9:47 of 1st period - Shot Misses the Net.
9:59 of 1st period - Snap shot by Tom Wilson.
9:59 of 1st period - Shot Blocked by Jacob Bryson.
10:01 of 1st period - Snap shot by Tom Wilson.
10:01 of 1st period - Shot Misses the Net.
10:17 of 1st period - Wrist shot by Tom Wilson.
10:17 of 1st period - Goal by Tom Wilson - Vancouver Canucks : 1 - Pittsburgh Penguins : 1.
10:18 of 1st period - Mitchell Marner wins face-off versus Clayton Keller in neutral zone.
10:22 of 1st period - Minor Penalty to Mikko Rantanen for Checking from behind.
10:23 of 1st period - Leon Draisaitl wins face-off versus Sam Lafferty in Vancouver Canucks zone.
10:25 of 1st period - Wrist shot by Pavel Buchnevich.
10:25 of 1st period - Deflect By Leon Draisaitl.
10:25 of 1st period - Goal by Leon Draisaitl - Vancouver Canucks : 1 - Pittsburgh Penguins : 2.
10:26 of 1st period - Clayton Keller wins face-off versus Phillip Danault in neutral zone.
10:53 of 1st period - Wrist shot by Anders Lee.
10:53 of 1st period - Goal by Anders Lee - Vancouver Canucks : 1 - Pittsburgh Penguins : 3.
10:54 of 1st period - Jean-Gabriel Pageau wins face-off versus Jesperi Kotkaniemi in neutral zone.
11:03 of 1st period - Snap shot by Robby Fabbri.
11:03 of 1st period - Stopped by Marc-Andre Fleury with a rebound.
12:13 of 1st period - Wrist shot by Tom Wilson.
12:13 of 1st period - Shot Misses the Net.
12:23 of 1st period - Jake Bean is hit by Anders Lee and loses puck.
13:29 of 1st period - Wrist shot by Sam Lafferty.
13:29 of 1st period - Stopped by Marc-Andre Fleury without a rebound.
13:30 of 1st period - Jean-Gabriel Pageau wins face-off versus Mikko Rantanen in Pittsburgh Penguins zone.
13:52 of 1st period - Minor Penalty to Mattias Ekholm for High sticking.
13:53 of 1st period - Leon Draisaitl wins face-off versus Jesperi Kotkaniemi in Pittsburgh Penguins zone.
14:10 of 1st period - Snap shot by Mikko Rantanen.
14:10 of 1st period - Shot Blocked by J.J. Moser.
15:38 of 1st period - Icing by Artturi Lehkonen.
15:39 of 1st period - Casey Mittelstadt wins face-off versus Leon Draisaitl in Vancouver Canucks zone.
15:52 of 1st period - Penalty to Mattias Ekholm is over, Mattias Ekholm is back on ice.
15:52 of 1st period - Mikko Rantanen is hit by Colton Sissons and loses puck.
16:27 of 1st period - Backhand shot by Anders Lee.
16:27 of 1st period - Stopped by Joonas Korpisalo without a rebound.
16:28 of 1st period - Ryan Johansen wins face-off versus Casey Mittelstadt in Vancouver Canucks zone.
17:13 of 1st period - Wrist shot by Kasperi Kapanen.
17:13 of 1st period - Deflect By Robby Fabbri.
17:13 of 1st period - Stopped by Marc-Andre Fleury with a rebound.
17:19 of 1st period - Jacob Bryson is hit by Mitchell Marner and loses puck.
17:32 of 1st period - Maxence Guenette is hit by Colton Sissons and loses puck.
18:09 of 1st period - Slapshot by Jordan Eberle.
18:09 of 1st period - Stopped by Joonas Korpisalo without a rebound.
18:10 of 1st period - Ryan Johansen wins face-off versus Jesperi Kotkaniemi in Vancouver Canucks zone.
18:23 of 1st period - Snap shot by Kasperi Kapanen.
18:23 of 1st period - Shot Misses the Net.
18:35 of 1st period - Mikko Rantanen is hit by Jean-Gabriel Pageau and loses puck.
18:52 of 1st period - Minor Penalty to Leon Draisaitl for Roughing.
18:53 of 1st period - Jean-Gabriel Pageau wins face-off versus Jesperi Kotkaniemi in Pittsburgh Penguins zone.
19:02 of 1st period - Slapshot by Jean-Gabriel Pageau.
19:02 of 1st period - Goal by Jean-Gabriel Pageau - Vancouver Canucks : 1 - Pittsburgh Penguins : 4.
19:02 of 1st period - Ville Husso enters game.
19:03 of 1st period - Jean-Gabriel Pageau wins face-off versus Jesperi Kotkaniemi in neutral zone.
19:18 of 1st period - Wrist shot by Mikko Rantanen.
19:18 of 1st period - Stopped by Marc-Andre Fleury without a rebound.
19:19 of 1st period - Jesperi Kotkaniemi wins face-off versus Pavel Buchnevich in Pittsburgh Penguins zone.
Goals for this period are 1 for Vancouver Canucks vs 4 for Pittsburgh Penguins.
Shots for this period are 13 for Vancouver Canucks vs 10 for Pittsburgh Penguins.
2nd period
0:01 of 2nd period - Jesperi Kotkaniemi wins face-off versus Pavel Buchnevich in neutral zone.
0:52 of 2nd period - Penalty to Leon Draisaitl is over, Leon Draisaitl is back on ice.
1:01 of 2nd period - Slapshot by Anton Lundell.
1:01 of 2nd period - Stopped by Marc-Andre Fleury without a rebound.
1:02 of 2nd period - Ty Dellandrea wins face-off versus Jean-Gabriel Pageau in Pittsburgh Penguins zone.
1:45 of 2nd period - Wrist shot by Tom Wilson.
1:45 of 2nd period - Stopped by Ville Husso with a rebound.
2:00 of 2nd period - Slapshot by Jesperi Kotkaniemi.
2:00 of 2nd period - Stopped by Marc-Andre Fleury with a rebound.
2:02 of 2nd period - Snap shot by Kasperi Kapanen.
2:02 of 2nd period - Stopped by Marc-Andre Fleury with a rebound.
2:04 of 2nd period - Snap shot by Olli Maatta.
2:04 of 2nd period - Deflect By Robby Fabbri.
2:04 of 2nd period - Shot Misses the Net.
2:04 of 2nd period - Puck is out of play.
2:05 of 2nd period - Jesperi Kotkaniemi wins face-off versus Jean-Gabriel Pageau in Pittsburgh Penguins zone.
2:28 of 2nd period - Icing by Robby Fabbri.
2:29 of 2nd period - Phillip Danault wins face-off versus Clayton Keller in Vancouver Canucks zone.
2:38 of 2nd period - Wrist shot by Phillip Danault.
2:38 of 2nd period - Deflect By Pavel Buchnevich.
2:38 of 2nd period - Shot Misses the Net.
2:38 of 2nd period - Puck is out of play.
2:39 of 2nd period - Phillip Danault wins face-off versus Clayton Keller in Vancouver Canucks zone.
2:53 of 2nd period - Icing by Miro Heiskanen.
2:54 of 2nd period - Jean-Gabriel Pageau wins face-off versus Artturi Lehkonen in Vancouver Canucks zone.
3:05 of 2nd period - Brian Dumoulin is hit by Artturi Lehkonen.
3:21 of 2nd period - Wrist shot by Mikko Rantanen.
3:21 of 2nd period - Shot Misses the Net.
3:23 of 2nd period - Snap shot by Mikko Rantanen.
3:23 of 2nd period - Shot Blocked by Brian Dumoulin.
3:25 of 2nd period - Wrist shot by Clayton Keller.
3:25 of 2nd period - Shot Misses the Net.
3:27 of 2nd period - Wrist shot by Clayton Keller.
3:27 of 2nd period - Stopped by Marc-Andre Fleury with a rebound.
4:03 of 2nd period - Snap shot by Clayton Keller.
4:03 of 2nd period - Stopped by Marc-Andre Fleury with a rebound.
4:05 of 2nd period - Wrist shot by Artturi Lehkonen.
4:05 of 2nd period - Shot Blocked by Ryan Suter.
4:07 of 2nd period - Snap shot by Artturi Lehkonen.
4:07 of 2nd period - Shot Blocked by Jean-Gabriel Pageau.
4:09 of 2nd period - Snap shot by Miro Heiskanen.
4:09 of 2nd period - Shot Blocked by Brian Dumoulin.
4:13 of 2nd period - Snap shot by Mikko Rantanen.
4:13 of 2nd period - Stopped by Marc-Andre Fleury with a rebound.
4:15 of 2nd period - Wrist shot by Artturi Lehkonen.
4:15 of 2nd period - Shot Blocked by Leon Draisaitl.
5:06 of 2nd period - Wrist shot by Clayton Keller.
5:06 of 2nd period - Stopped by Marc-Andre Fleury without a rebound.
5:07 of 2nd period - Phillip Danault wins face-off versus Jesperi Kotkaniemi in Pittsburgh Penguins zone.
5:18 of 2nd period - Slapshot by Phillip Danault.
5:18 of 2nd period - Shot Misses the Net.
5:20 of 2nd period - Slapshot by Pavel Buchnevich.
5:20 of 2nd period - Stopped by Ville Husso with a rebound.
5:35 of 2nd period - Off-side.
5:36 of 2nd period - Casey Mittelstadt wins face-off versus Ryan Johansen in neutral zone.
5:39 of 2nd period - Anders Lee is hit by Casey Mittelstadt.
7:00 of 2nd period - Kasperi Kapanen is hit by Erik Gudbranson.
7:22 of 2nd period - Jake Bean is hit by Tom Wilson and loses puck.
9:03 of 2nd period - Ryan Suter is hit by Taylor Raddysh and loses puck.
9:16 of 2nd period - Jake Bean is hit by Mattias Ekholm.
9:24 of 2nd period - Icing by Sam Lafferty.
9:25 of 2nd period - Anton Lundell wins face-off versus Ryan Johansen in Vancouver Canucks zone.
9:49 of 2nd period - Off-side.
9:50 of 2nd period - Phillip Danault wins face-off versus Clayton Keller in neutral zone.
10:20 of 2nd period - Slapshot by Pavel Buchnevich.
10:20 of 2nd period - Stopped by Ville Husso without a rebound.
10:21 of 2nd period - Jean-Gabriel Pageau wins face-off versus Jesperi Kotkaniemi in Vancouver Canucks zone.
10:48 of 2nd period - Wrist shot by Ryan Johansen.
10:48 of 2nd period - Stopped by Ville Husso with a rebound.
11:02 of 2nd period - Jordan Eberle is hit by Taylor Raddysh and loses puck.
11:15 of 2nd period - Wrist shot by Pavel Buchnevich.
11:15 of 2nd period - Shot Blocked by Miro Heiskanen.
11:23 of 2nd period - Snap shot by Pavel Buchnevich.
11:23 of 2nd period - Shot Misses the Net.
11:25 of 2nd period - Slapshot by Erik Karlsson.
11:25 of 2nd period - Shot Blocked by Miro Heiskanen.
11:37 of 2nd period - Wrist shot by Colton Sissons.
11:37 of 2nd period - Shot Misses the Net.
11:39 of 2nd period - Slapshot by Tom Wilson.
11:39 of 2nd period - Shot Blocked by Ty Dellandrea.
11:41 of 2nd period - Slapshot by J.J. Moser.
11:41 of 2nd period - Deflect By Tom Wilson.
11:41 of 2nd period - Goal by Tom Wilson - Vancouver Canucks : 1 - Pittsburgh Penguins : 5.
11:42 of 2nd period - Phillip Danault wins face-off versus Jesperi Kotkaniemi in neutral zone.
11:54 of 2nd period - Off-side.
11:55 of 2nd period - Sam Reinhart wins face-off versus Jesperi Kotkaniemi in neutral zone.
12:02 of 2nd period - Snap shot by Sam Reinhart.
12:02 of 2nd period - Stopped by Ville Husso with a rebound.
12:40 of 2nd period - Snap shot by Anders Lee.
12:40 of 2nd period - Stopped by Ville Husso with a rebound.
12:42 of 2nd period - Snap shot by J.J. Moser.
12:42 of 2nd period - Stopped by Ville Husso without a rebound.
12:43 of 2nd period - Ryan Johansen wins face-off versus Casey Mittelstadt in Vancouver Canucks zone.
12:54 of 2nd period - Slapshot by Miro Heiskanen.
12:54 of 2nd period - Shot Blocked by Ryan Suter.
12:56 of 2nd period - Slapshot by Noah Hanifin.
12:56 of 2nd period - Stopped by Marc-Andre Fleury without a rebound.
12:57 of 2nd period - Phillip Danault wins face-off versus Jesperi Kotkaniemi in Pittsburgh Penguins zone.
13:10 of 2nd period - Wrist shot by Robby Fabbri.
13:10 of 2nd period - Stopped by Marc-Andre Fleury without a rebound.
13:11 of 2nd period - Jean-Gabriel Pageau wins face-off versus Clayton Keller in Pittsburgh Penguins zone.
13:11 of 2nd period - Jean-Gabriel Pageau is hit by Clayton Keller.
13:14 of 2nd period - Minor Penalty to Erik Karlsson for Hooking.
13:15 of 2nd period - Leon Draisaitl wins face-off versus Clayton Keller in Pittsburgh Penguins zone.
13:47 of 2nd period - Slapshot by Miro Heiskanen.
13:47 of 2nd period - Shot Misses the Net.
13:49 of 2nd period - Slapshot by Jake Bean.
13:49 of 2nd period - Deflect By Artturi Lehkonen.
13:49 of 2nd period - Stopped by Marc-Andre Fleury with a rebound.
13:51 of 2nd period - Slapshot by Robby Fabbri.
13:51 of 2nd period - Stopped by Marc-Andre Fleury with a rebound.
13:53 of 2nd period - Slapshot by Miro Heiskanen.
13:53 of 2nd period - Deflect By Robby Fabbri.
13:53 of 2nd period - Goal by Robby Fabbri - Vancouver Canucks : 2 - Pittsburgh Penguins : 5.
13:54 of 2nd period - Jean-Gabriel Pageau wins face-off versus Clayton Keller in neutral zone.
14:37 of 2nd period - Minor Penalty to Jesperi Kotkaniemi for Interference.
14:38 of 2nd period - Sam Lafferty wins face-off versus Jean-Gabriel Pageau in Vancouver Canucks zone.
14:47 of 2nd period - Noah Cates is hit by Anders Lee and loses puck.
16:14 of 2nd period - Mitchell Marner is hit by Noah Hanifin.
16:37 of 2nd period - Penalty to Jesperi Kotkaniemi is over, Jesperi Kotkaniemi is back on ice.
17:57 of 2nd period - Icing by Mikko Rantanen.
17:58 of 2nd period - Colton Sissons wins face-off versus Clayton Keller in Vancouver Canucks zone.
18:41 of 2nd period - Sam Reinhart is hit by Artturi Lehkonen and loses puck.
18:54 of 2nd period - Snap shot by Mikko Rantanen.
18:54 of 2nd period - Goal by Mikko Rantanen - Vancouver Canucks : 3 - Pittsburgh Penguins : 5.
18:55 of 2nd period - Jean-Gabriel Pageau wins face-off versus Jesperi Kotkaniemi in neutral zone.
18:58 of 2nd period - Slapshot by J.J. Moser.
18:58 of 2nd period - Stopped by Ville Husso without a rebound.
18:59 of 2nd period - Jesperi Kotkaniemi wins face-off versus Jean-Gabriel Pageau in Vancouver Canucks zone.
19:55 of 2nd period - Icing by Noah Hanifin.
19:56 of 2nd period - Artturi Lehkonen wins face-off versus Phillip Danault in Vancouver Canucks zone.
Goals for this period are 2 for Vancouver Canucks vs 1 for Pittsburgh Penguins.
Shots for this period are 13 for Vancouver Canucks vs 9 for Pittsburgh Penguins.
3rd period
0:01 of 3rd period - Jean-Gabriel Pageau wins face-off versus Clayton Keller in neutral zone.
0:06 of 3rd period - Slapshot by Mitchell Marner.
0:06 of 3rd period - Goal by Mitchell Marner - Vancouver Canucks : 3 - Pittsburgh Penguins : 6.
0:07 of 3rd period - Phillip Danault wins face-off versus Clayton Keller in neutral zone.
0:13 of 3rd period - Off-side.
0:14 of 3rd period - Phillip Danault wins face-off versus Artturi Lehkonen in neutral zone.
0:52 of 3rd period - Jake Bean is hit by Pavel Buchnevich and loses puck.
1:21 of 3rd period - Wrist shot by Mikko Rantanen.
1:21 of 3rd period - Shot Misses the Net.
1:23 of 3rd period - Snap shot by Clayton Keller.
1:23 of 3rd period - Shot Misses the Net.
1:25 of 3rd period - Snap shot by Artturi Lehkonen.
1:25 of 3rd period - Stopped by Marc-Andre Fleury without a rebound.
1:26 of 3rd period - Jesperi Kotkaniemi wins face-off versus Jean-Gabriel Pageau in Pittsburgh Penguins zone.
1:35 of 3rd period - Erik Karlsson is hit by Kasperi Kapanen and loses puck.
1:52 of 3rd period - Miro Heiskanen is hit by Anders Lee and loses puck.
2:19 of 3rd period - Snap shot by Miro Heiskanen.
2:19 of 3rd period - Stopped by Marc-Andre Fleury without a rebound.
2:20 of 3rd period - Jean-Gabriel Pageau wins face-off versus Ty Dellandrea in Pittsburgh Penguins zone.
2:33 of 3rd period - Snap shot by Erik Karlsson.
2:33 of 3rd period - Shot Misses the Net.
2:56 of 3rd period - Snap shot by Jordan Eberle.
2:56 of 3rd period - Stopped by Ville Husso without a rebound.
2:57 of 3rd period - Phillip Danault wins face-off versus Jesperi Kotkaniemi in Vancouver Canucks zone.
3:06 of 3rd period - Wrist shot by Pavel Buchnevich.
3:06 of 3rd period - Shot Blocked by Kasperi Kapanen.
3:24 of 3rd period - Mikko Rantanen is hit by Ryan Suter and loses puck.
4:04 of 3rd period - Casey Mittelstadt is hit by Mattias Ekholm.
4:10 of 3rd period - Colton Sissons is hit by Taylor Raddysh and loses puck.
4:19 of 3rd period - Snap shot by Taylor Raddysh.
4:19 of 3rd period - Stopped by Marc-Andre Fleury with a rebound.
4:21 of 3rd period - Snap shot by Maxence Guenette.
4:21 of 3rd period - Stopped by Marc-Andre Fleury with a rebound.
4:29 of 3rd period - Snap shot by Taylor Raddysh.
4:29 of 3rd period - Shot Blocked by Gabriel Vilardi.
4:31 of 3rd period - Snap shot by Noah Cates.
4:31 of 3rd period - Goal by Noah Cates - Vancouver Canucks : 4 - Pittsburgh Penguins : 6.
4:32 of 3rd period - Jesperi Kotkaniemi wins face-off versus Jean-Gabriel Pageau in neutral zone.
5:50 of 3rd period - Wrist shot by Sam Reinhart.
5:50 of 3rd period - Stopped by Ville Husso with a rebound.
5:52 of 3rd period - Slapshot by Phillip Danault.
5:52 of 3rd period - Goal by Phillip Danault - Vancouver Canucks : 4 - Pittsburgh Penguins : 7.
5:53 of 3rd period - Clayton Keller wins face-off versus Jean-Gabriel Pageau in neutral zone.
6:03 of 3rd period - Slapshot by Ryan Suter.
6:03 of 3rd period - Stopped by Ville Husso without a rebound.
6:04 of 3rd period - Jean-Gabriel Pageau wins face-off versus Kasperi Kapanen in Vancouver Canucks zone.
6:17 of 3rd period - Slapshot by Kasperi Kapanen.
6:17 of 3rd period - Goal by Kasperi Kapanen - Vancouver Canucks : 5 - Pittsburgh Penguins : 7.
6:18 of 3rd period - Clayton Keller wins face-off versus Ryan Johansen in neutral zone.
6:21 of 3rd period - Snap shot by Artturi Lehkonen.
6:21 of 3rd period - Stopped by Marc-Andre Fleury without a rebound.
6:22 of 3rd period - Ryan Johansen wins face-off versus Clayton Keller in Pittsburgh Penguins zone.
7:15 of 3rd period - Off-side.
7:16 of 3rd period - Clayton Keller wins face-off versus Ryan Johansen in neutral zone.
7:22 of 3rd period - Minor Penalty to Ryan Johansen for Holding.
7:23 of 3rd period - Clayton Keller wins face-off versus Phillip Danault in Pittsburgh Penguins zone.
8:58 of 3rd period - Phillip Danault is hit by Robby Fabbri.
9:22 of 3rd period - Penalty to Ryan Johansen is over, Ryan Johansen is back on ice.
9:39 of 3rd period - Snap shot by Sam Lafferty.
9:39 of 3rd period - Stopped by Marc-Andre Fleury without a rebound.
9:40 of 3rd period - Ryan Johansen wins face-off versus Casey Mittelstadt in Pittsburgh Penguins zone.
9:51 of 3rd period - Slapshot by Jordan Eberle.
9:51 of 3rd period - Shot Hit the Post.
9:53 of 3rd period - Snap shot by Ryan Johansen.
9:53 of 3rd period - Deflect By Jordan Eberle.
9:53 of 3rd period - Shot Misses the Net.
9:53 of 3rd period - Puck is out of play.
9:54 of 3rd period - Anton Lundell wins face-off versus Jean-Gabriel Pageau in Vancouver Canucks zone.
10:17 of 3rd period - Icing by Jacob Bryson.
10:18 of 3rd period - Phillip Danault wins face-off versus Noah Cates in Vancouver Canucks zone.
10:21 of 3rd period - Wrist shot by Pavel Buchnevich.
10:21 of 3rd period - Shot Misses the Net.
11:38 of 3rd period - Minor Penalty to Erik Gudbranson for Roughing.
11:39 of 3rd period - Leon Draisaitl wins face-off versus Clayton Keller in Pittsburgh Penguins zone.
11:51 of 3rd period - Snap shot by Mikko Rantanen.
11:51 of 3rd period - Stopped by Marc-Andre Fleury with a rebound.
11:53 of 3rd period - Snap shot by Miro Heiskanen.
11:53 of 3rd period - Shot Blocked by Brian Dumoulin.
11:55 of 3rd period - Wrist shot by Clayton Keller.
11:55 of 3rd period - Stopped by Marc-Andre Fleury with a rebound.
12:06 of 3rd period - Icing by Miro Heiskanen.
12:07 of 3rd period - Leon Draisaitl wins face-off versus Casey Mittelstadt in Vancouver Canucks zone.
12:10 of 3rd period - Snap shot by Phillip Danault.
12:10 of 3rd period - Shot Blocked by Casey Mittelstadt.
12:12 of 3rd period - Slapshot by J.J. Moser.
12:12 of 3rd period - Deflect By Leon Draisaitl.
12:12 of 3rd period - Shot Blocked by Miro Heiskanen.
12:12 of 3rd period - Puck is out of play.
12:13 of 3rd period - Leon Draisaitl wins face-off versus Jesperi Kotkaniemi in Vancouver Canucks zone.
12:14 of 3rd period - Wrist shot by Phillip Danault.
12:14 of 3rd period - Stopped by Ville Husso without a rebound.
12:15 of 3rd period - Jesperi Kotkaniemi wins face-off versus Leon Draisaitl in Vancouver Canucks zone.
13:04 of 3rd period - Wrist shot by Jean-Gabriel Pageau.
13:04 of 3rd period - Shot Misses the Net.
13:14 of 3rd period - Snap shot by Mikko Rantanen.
13:14 of 3rd period - Stopped by Marc-Andre Fleury with a rebound.
13:38 of 3rd period - Penalty to Erik Gudbranson is over, Erik Gudbranson is back on ice.
13:38 of 3rd period - Wrist shot by Clayton Keller.
13:38 of 3rd period - Stopped by Marc-Andre Fleury without a rebound.
13:39 of 3rd period - Ryan Johansen wins face-off versus Noah Cates in Pittsburgh Penguins zone.
13:44 of 3rd period - Jacob Bryson is hit by Ryan Johansen and loses puck.
13:55 of 3rd period - Slapshot by Ryan Johansen.
13:55 of 3rd period - Shot Misses the Net.
14:32 of 3rd period - Brian Dumoulin is hit by Sam Lafferty and loses puck.
15:15 of 3rd period - Slapshot by Jordan Eberle.
15:15 of 3rd period - Shot Misses the Net.
15:17 of 3rd period - Slapshot by Ryan Johansen.
15:17 of 3rd period - Stopped by Ville Husso without a rebound.
15:18 of 3rd period - Ryan Johansen wins face-off versus Anton Lundell in Vancouver Canucks zone.
15:42 of 3rd period - Tom Wilson is hit by Noah Hanifin and loses puck.
15:55 of 3rd period - Robby Fabbri is hit by J.J. Moser and loses puck.
16:15 of 3rd period - Slapshot by Anders Lee.
16:15 of 3rd period - Shot Misses the Net.
16:17 of 3rd period - Slapshot by Ryan Johansen.
16:17 of 3rd period - Shot Misses the Net.
16:19 of 3rd period - Slapshot by Ryan Johansen.
16:19 of 3rd period - Stopped by Ville Husso with a rebound.
16:21 of 3rd period - Slapshot by J.J. Moser.
16:21 of 3rd period - Shot Blocked by Jake Bean.
16:42 of 3rd period - Snap shot by Anton Lundell.
16:42 of 3rd period - Shot Blocked by Erik Karlsson.
16:52 of 3rd period - Mikko Rantanen is hit by Tom Wilson and loses puck.
17:24 of 3rd period - Wrist shot by Kasperi Kapanen.
17:24 of 3rd period - Stopped by Marc-Andre Fleury without a rebound.
17:25 of 3rd period - Ryan Johansen wins face-off versus Casey Mittelstadt in Pittsburgh Penguins zone.
17:25 of 3rd period - Ryan Johansen is hit by Olli Maatta.
17:31 of 3rd period - Wrist shot by Anders Lee.
17:31 of 3rd period - Shot Blocked by Olli Maatta.
17:33 of 3rd period - Snap shot by Anders Lee.
17:33 of 3rd period - Shot Misses the Net.
17:41 of 3rd period - Snap shot by Ryan Johansen.
17:41 of 3rd period - Stopped by Ville Husso with a rebound.
17:51 of 3rd period - Brian Dumoulin is hit by Mikko Rantanen and loses puck.
18:01 of 3rd period - Wrist shot by Colton Sissons.
18:01 of 3rd period - Shot Blocked by Jake Bean.
18:38 of 3rd period - Slapshot by Phillip Danault.
18:38 of 3rd period - Deflect By Sam Reinhart.
18:38 of 3rd period - Stopped by Ville Husso with a rebound.
18:40 of 3rd period - Wrist shot by Sam Reinhart.
18:40 of 3rd period - Shot Blocked by Kasperi Kapanen.
18:42 of 3rd period - Wrist shot by Sam Reinhart.
18:42 of 3rd period - Shot Blocked by Jake Bean.
18:52 of 3rd period - Snap shot by Jake Bean.
18:52 of 3rd period - Shot Blocked by Jordan Eberle.
19:12 of 3rd period - Snap shot by Tom Wilson.
19:12 of 3rd period - Shot Blocked by Olli Maatta.
Goals for this period are 2 for Vancouver Canucks vs 2 for Pittsburgh Penguins.
Shots for this period are 13 for Vancouver Canucks vs 10 for Pittsburgh Penguins.
Back to the Top